Kings vs Oilers

Created - February-24-13 at 10:24

Goals
1 2 3 T
Kings 0 2 1 3
Oilers 1 0 0 1
Shots
1 2 3 T
Kings 6 5 16 27
Oilers 9 7 3 19

1st period

1. Oilers , Dany Heatley 19 (Scott Hannan) at 17:20 (PP)

Penalties :
Sergei Gonchar (LOS) for Slashing (Minor) at 0:17, Vyacheslav Voynov (LOS) for Hooking (Minor) at 3:08, Jason Pominville (EDM) for Boarding (Minor) at 6:51, Vyacheslav Voynov (LOS) for Hooking (Minor) at 10:53, Jarret Stoll (LOS) for High sticking (Minor) at 16:52, Michael Rupp (LOS) for Slashing (Minor) at 17:22

2nd period

2. Kings , Antoine Vermette 11 (Luke Adam, Matt Taormina) at 7:43
3. Kings , Matt Hendricks 2 (Justin Faulk) at 8:31

Penalties :
Matt Duchene (LOS) for Tripping (Minor) at 9:21, Matt Hendricks (LOS) for Hooking (Minor) at 12:26

3rd period

4. Kings , Devante Smith-Pelly 4 (Antoine Vermette, Jamie McBain) at 8:15

Penalties :
Erik Gustafsson (EDM) for Roughing (Minor) at 1:34, Sean ODonnell (EDM) for Roughing (Minor) at 4:53, Chris Phillips (EDM) for Goalie Interference (Minor) at 5:58, Erik Gustafsson (EDM) for Hooking (Minor) at 12:24, Adam Burish (EDM) for Interference (Minor) at 12:50, Sean Bergenheim (LOS) for Interference (Minor) at 12:50, Brian Boyle (EDM) for Holding (Minor) at 16:49, Justin Faulk (LOS) for Roughing (Minor) at 19:48

Goalie Stats

Miikka Kiprusoff (LOS), 18 saves from 19 shots - (0.947), W, 23-25-10, 60:00 minutes
Kari Lehtonen (EDM), 24 saves from 27 shots - (0.889), L, 41-19-3, 60:00 minutes

Players Stats for Kings

Player Name              G  A  P  +/- PIM S  H  SB GA TA FO     MP     PP MP  PK MP  
------------------------------------------------------------------------------------
Antoine Vermette         1  1  2   2  0   3  0  0  0  0  9/16   12:34   0:26   1:13 
Devante Smith-Pelly      1  0  1   2  0   2  0  0  0  0  0/0    10:55   0:00   0:00 
Erik Condra              0  0  0   0  0   1  0  0  0  0  1/1    21:36   5:12   4:17 
Jamie McBain             0  1  1   2  0   0  1  0  0  0  0/0    13:42   0:38   0:00 
Jarret Stoll             0  0  0   1  2   0  1  1  0  0  11/20  13:13   0:58   6:15 
Jonathon Blum            0  0  0   1  0   1  0  0  0  0  0/0    16:15   0:00   4:51 
Justin Faulk             0  1  1   2  2   0  5  0  0  0  0/0    22:26   4:20   5:03 
Luke Adam                0  1  1   2  0   0  0  0  0  0  0/0    14:15   3:20   0:00 
Matt Duchene             0  0  0   0  2   3  1  0  0  0  16/29  18:28   3:58   3:02 
Matt Hendricks           1  0  1   1  2   1  2  0  0  0  1/3    11:58   1:22   0:00 
Matt Taormina            0  1  1   1  0   6  0  0  0  0  0/0    19:00   3:42   3:54 
Michael Frolik           0  0  0   0  0   3  0  0  0  0  2/13   11:21   3:38   0:00 
Michael Rupp             0  0  0   0  2   0  1  0  0  0  2/5     4:20   0:00   0:00 
Ryan Johansen            0  0  0   0  0   0  3  0  0  0  2/4    15:34   0:00   2:13 
Sean Bergenheim          0  0  0   1  2   0  6  0  0  0  1/3    22:50   5:28   8:06 
Sergei Gonchar           0  0  0   0  2   1  0  2  0  0  0/0    25:05   5:07   6:27 
Vyacheslav Voynov        0  0  0   0  4   3  3  1  0  0  0/0    23:28   5:07   4:51 
Wojtek Wolski            0  0  0   0  0   3  0  0  0  0  0/0     8:19   3:58   0:00 

Players Stats for Oilers

Player Name              G  A  P  +/- PIM S  H  SB GA TA FO     MP     PP MP  PK MP  
------------------------------------------------------------------------------------
Adam Burish              0  0  0   0  2   0  1  0  0  0  6/15   10:24   0:00   4:41 
Brian Boyle              0  0  0  -1  2   4  0  0  0  0  11/16  11:58   4:11   0:00 
Chris Phillips           0  0  0  -3  2   1  2  1  0  0  0/0    24:31   7:47   2:54 
Dany Heatley             1  0  1  -2  0   2  2  0  0  0  1/1    20:53   8:22   0:00 
Derek Roy                0  0  0  -2  0   1  1  0  0  0  23/41  26:13   8:22   5:20 
Dustin Jeffrey           0  0  0   0  0   0  0  0  0  0  0/0     5:43   0:00   0:00 
Erik Gustafsson          0  0  0   0  4   1  0  0  0  0  0/0    16:11   4:46   0:00 
Jakub Voracek            0  0  0   0  0   3  1  0  0  0  2/3    14:10   4:11   0:00 
Jan Hejda                0  0  0  -3  0   0  1  1  0  0  0/0    27:15   7:47   5:38 
Jason Pominville         0  0  0  -2  2   1  4  0  0  0  0/4    21:18   8:22   0:00 
Jed Ortmeyer             0  0  0   0  0   0  1  0  0  0  0/0     6:09   0:00   0:00 
Jeff Schultz             0  0  0   0  0   0  2  0  0  0  0/0    16:06   0:00   4:56 
Jochen Hecht             0  0  0   0  0   3  0  0  0  0  6/14   11:17   0:00   1:18 
Radek Dvorak             0  0  0  -1  0   1  0  0  0  0  0/0    12:16   0:00   4:28 
Ruslan Fedotenko         0  0  0   0  0   2  4  0  0  0  0/0    17:55   4:11   3:45 
Scott Hannan             0  1  1   0  0   0  1  1  0  0  0/0    22:17   4:46   5:55 
Sean ODonnell            0  0  0   0  2   0  0  0  0  0  0/0    13:36   0:00   2:36 
Tomas Holmstrom          0  0  0  -1  0   0  0  0  0  0  0/0     7:48   0:00   0:00 

3 Stars

1 - Antoine Vermette (LOS)
2 - Devante Smith-Pelly (LOS)
3 - Miikka Kiprusoff (LOS)

Power Play

Kings - 0 on 6 Attempt(s) - 0.00%
Oilers - 1 on 8 Attempt(s) - 12.50%

Penalty Kill

Kings - 7 on 8 Attempt(s) - 87.50% - Score 0 goal in Penalty Kill
Oilers - 6 on 6 Attempt(s) - 100.00% - Score 0 goal in Penalty Kill

Official

Referees : Chris Rooney and Brian Pochmara
Linesman : Thor Nelson and Don Henderson

Game Notes

Jarret Stoll is injured at 12:32 of 2nd period (Left Hip)

Finance

Level 1 -- Attendance: 6089 (93.68%) -- Ticket Income $669,790
Level 2 -- Attendance: 4112 (82.24%) -- Ticket Income $353,632
Level 3 -- Attendance: 1787 (51.06%) -- Ticket Income $151,895
Level 4 -- Attendance: 839 (100.00%) -- Ticket Income $70,476
Luxury Box -- Attendance: 757 (75.70%) -- Ticket Income $204,390
Game was played at the Rexall Place
Total Attendance: 13584 (80.67%)
Total Ticket Income: $1,450,183
Other Income: $217,527
Total Income: $1,667,710


% Time on Ice - Kings

Lines # - Real PCT - Wanted PCT - Time Play
Normal Forward
1 - 32% - 40% - 11:29
2 - 26% - 30% - 9:16
3 - 30% - 20% - 10:55
4 - 12% - 10% - 4:21
Normal Defense
1 - 35% - 40% - 12:28
2 - 34% - 30% - 12:09
3 - 32% - 20% - 11:24
4 - 0% - 10% - 0:00
PP Forward
1 - 58% - 60% - 5:29
2 - 42% - 40% - 3:58
PP Defense
1 - 54% - 60% - 5:07
2 - 46% - 40% - 4:20
PK Forward
1 - 69% - 60% - 8:40
2 - 31% - 40% - 3:53
PK Defense
1 - 60% - 60% - 7:30
2 - 40% - 40% - 5:03
PK3 Forward
1 - 0% - 60%
2 - 0% - 40%
PK3 Defense
1 - 0% - 60%
2 - 0% - 40%
44 Forward
1 - 100% - 60% - 1:59
2 - 0% - 40% - 0:00
44 Defense
1 - 54% - 60% - 1:04
2 - 46% - 40% - 0:55
Last Minute Offensive  - 0:00
Last Minute Defensive  - 0:00
Total
Forward - 60:00
Defense - 60:00

% Time on Ice - Oilers

Lines # - Real PCT - Wanted PCT - Time Play
Normal Forward
1 - 35% - 39% - 12:31
2 - 28% - 31% - 9:59
3 - 22% - 25% - 7:48
4 - 16% - 5% - 5:43
Normal Defense
1 - 38% - 39% - 13:50
2 - 31% - 32% - 11:10
3 - 31% - 24% - 11:01
4 - 0% - 5% - 0:00
PP Forward
1 - 67% - 60% - 8:22
2 - 33% - 40% - 4:11
PP Defense
1 - 62% - 55% - 7:47
2 - 38% - 45% - 4:46
PK Forward
1 - 48% - 50% - 4:05
2 - 52% - 50% - 4:28
PK Defense
1 - 57% - 55% - 4:50
2 - 43% - 45% - 3:43
PK3 Forward
1 - 51% - 50% - 1:15
2 - 49% - 50% - 1:12
PK3 Defense
1 - 67% - 60% - 1:38
2 - 33% - 40% - 0:49
44 Forward
1 - 100% - 60% - 0:26
2 - 0% - 40% - 0:00
44 Defense
1 - 0% - 60% - 0:00
2 - 100% - 40% - 0:26
Last Minute Offensive  - 0:00
Last Minute Defensive  - 0:00
Total
Forward - 60:00
Defense - 60:00

Play by Play

1st period


0:01 of 1st period - Matt Duchene wins face-off versus Derek Roy in neutral zone.
0:11 of 1st period - Derek Roy is hit by Ryan Johansen and loses puck.
0:17 of 1st period - Minor Penalty to Sergei Gonchar for Slashing.
0:18 of 1st period - Brian Boyle wins face-off versus Jarret Stoll in Kings zone.
0:47 of 1st period - Shot by Erik Gustafsson.
0:47 of 1st period - Shot Misses the Net.
1:10 of 1st period - Jason Pominville is hit by Vyacheslav Voynov and loses puck.
1:21 of 1st period - Shot by Chris Phillips.
1:21 of 1st period - Shot Misses the Net.
1:23 of 1st period - Shot by Dany Heatley.
1:23 of 1st period - Stopped by Miikka Kiprusoff without a rebound.
1:24 of 1st period - Matt Duchene wins face-off versus Jason Pominville in Kings zone.
1:24 of 1st period - Matt Duchene is hit by Derek Roy.
1:33 of 1st period - Icing by Chris Phillips.
1:34 of 1st period - Dany Heatley wins face-off versus Matt Duchene in Oilers zone.
1:44 of 1st period - Chris Phillips is hit by Justin Faulk and loses puck.
2:59 of 1st period - Shot by Jochen Hecht.
2:59 of 1st period - Stopped by Miikka Kiprusoff without a rebound.
3:00 of 1st period - Jarret Stoll wins face-off versus Brian Boyle in Kings zone.
3:08 of 1st period - Minor Penalty to Vyacheslav Voynov for Hooking.
3:09 of 1st period - Derek Roy wins face-off versus Jarret Stoll in Kings zone.
3:16 of 1st period - Shot by Jason Pominville.
3:16 of 1st period - Stopped by Miikka Kiprusoff without a rebound.
3:17 of 1st period - Jarret Stoll wins face-off versus Jason Pominville in Kings zone.
3:21 of 1st period - Off-side.
3:22 of 1st period - Jarret Stoll wins face-off versus Derek Roy in neutral zone.
3:41 of 1st period - Icing by Chris Phillips.
3:42 of 1st period - Jarret Stoll wins face-off versus Derek Roy in Oilers zone.
4:41 of 1st period - Shot by Jakub Voracek.
4:41 of 1st period - Shot Blocked by Sergei Gonchar.
4:53 of 1st period - Shot by Brian Boyle.
4:53 of 1st period - Stopped by Miikka Kiprusoff without a rebound.
4:54 of 1st period - Matt Duchene wins face-off versus Derek Roy in Kings zone.
5:16 of 1st period - Icing by Chris Phillips.
5:17 of 1st period - Matt Duchene wins face-off versus Adam Burish in Oilers zone.
5:27 of 1st period - Icing by Adam Burish.
5:28 of 1st period - Michael Rupp wins face-off versus Adam Burish in Oilers zone.
5:50 of 1st period - Icing by Chris Phillips.
5:51 of 1st period - Matt Duchene wins face-off versus Adam Burish in Oilers zone.
6:08 of 1st period - Shot by Erik Condra.
6:08 of 1st period - Shot Misses the Net.
6:22 of 1st period - Shot by Erik Condra.
6:22 of 1st period - Shot Misses the Net.
6:35 of 1st period - Jamie McBain is hit by Jason Pominville and loses puck.
6:51 of 1st period - Minor Penalty to Jason Pominville for Boarding.
6:52 of 1st period - Derek Roy wins face-off versus Jarret Stoll in Oilers zone.
7:11 of 1st period - Shot by Sergei Gonchar.
7:11 of 1st period - Shot Blocked by Scott Hannan.
7:19 of 1st period - Shot by Vyacheslav Voynov.
7:19 of 1st period - Shot Misses the Net.
8:36 of 1st period - Shot by Sergei Gonchar.
8:36 of 1st period - Shot Misses the Net.
8:38 of 1st period - Shot by Sergei Gonchar.
8:38 of 1st period - Stopped by Kari Lehtonen without a rebound.
8:39 of 1st period - Derek Roy wins face-off versus Jarret Stoll in Oilers zone.
9:00 of 1st period - Shot by Jarret Stoll.
9:00 of 1st period - Shot Misses the Net.
9:47 of 1st period - Antoine Vermette is hit by Jason Pominville and loses puck.
10:24 of 1st period - Shot by Wojtek Wolski.
10:24 of 1st period - Stopped by Kari Lehtonen without a rebound.
10:25 of 1st period - Matt Duchene wins face-off versus Adam Burish in Oilers zone.
10:30 of 1st period - Shot by Ryan Johansen.
10:30 of 1st period - Deflect By Matt Duchene.
10:30 of 1st period - Stopped by Kari Lehtonen without a rebound.
10:31 of 1st period - Matt Duchene wins face-off versus Jakub Voracek in Oilers zone.
10:31 of 1st period - Matt Duchene is hit by Scott Hannan.
10:45 of 1st period - Jeff Schultz is hit by Ryan Johansen and loses puck.
10:53 of 1st period - Minor Penalty to Vyacheslav Voynov for Hooking.
10:54 of 1st period - Derek Roy wins face-off versus Jarret Stoll in Kings zone.
12:01 of 1st period - Shot by Erik Gustafsson.
12:01 of 1st period - Stopped by Miikka Kiprusoff without a rebound.
12:02 of 1st period - Erik Condra wins face-off versus Brian Boyle in Kings zone.
12:20 of 1st period - Shot by Brian Boyle.
12:20 of 1st period - Stopped by Miikka Kiprusoff without a rebound.
12:21 of 1st period - Matt Duchene wins face-off versus Derek Roy in Kings zone.
12:35 of 1st period - Icing by Jason Pominville.
12:36 of 1st period - Jarret Stoll wins face-off versus Derek Roy in Oilers zone.
12:44 of 1st period - Off-side.
12:45 of 1st period - Brian Boyle wins face-off versus Matt Duchene in neutral zone.
13:04 of 1st period - Shot by Antoine Vermette.
13:04 of 1st period - Stopped by Kari Lehtonen without a rebound.
13:05 of 1st period - Derek Roy wins face-off versus Matt Duchene in Oilers zone.
13:07 of 1st period - Icing by Jason Pominville.
13:08 of 1st period - Matt Duchene wins face-off versus Derek Roy in Oilers zone.
13:31 of 1st period - Shot by Matt Duchene.
13:31 of 1st period - Shot Misses the Net.
13:35 of 1st period - Shot by Matt Duchene.
13:35 of 1st period - Shot Misses the Net.
13:40 of 1st period - Icing by Erik Gustafsson.
13:41 of 1st period - Jarret Stoll wins face-off versus Derek Roy in Oilers zone.
13:54 of 1st period - Shot by Matt Taormina.
13:54 of 1st period - Stopped by Kari Lehtonen without a rebound.
13:55 of 1st period - Jakub Voracek wins face-off versus Antoine Vermette in Oilers zone.
13:57 of 1st period - Icing by Chris Phillips.
13:58 of 1st period - Jarret Stoll wins face-off versus Jochen Hecht in Oilers zone.
14:42 of 1st period - Icing by Sergei Gonchar.
14:43 of 1st period - Derek Roy wins face-off versus Jarret Stoll in Kings zone.
15:30 of 1st period - Matt Taormina is hit by Dany Heatley and loses puck.
15:38 of 1st period - Icing by Matt Taormina.
15:39 of 1st period - Brian Boyle wins face-off versus Matt Duchene in Kings zone.
16:20 of 1st period - Matt Taormina is hit by Chris Phillips and loses puck.
16:37 of 1st period - Shot by Jakub Voracek.
16:37 of 1st period - Stopped by Miikka Kiprusoff with a rebound.
16:39 of 1st period - Shot by Jochen Hecht.
16:39 of 1st period - Stopped by Miikka Kiprusoff without a rebound.
16:40 of 1st period - Derek Roy wins face-off versus Matt Hendricks in Kings zone.
16:52 of 1st period - Minor Penalty to Jarret Stoll for High sticking.
16:53 of 1st period - Derek Roy wins face-off versus Antoine Vermette in Kings zone.
17:20 of 1st period - Shot by Dany Heatley.
17:20 of 1st period - Goal by Dany Heatley - Kings : 0 - Oilers : 1.
17:21 of 1st period - Jochen Hecht wins face-off versus Michael Rupp in neutral zone.
17:21 of 1st period - Jochen Hecht is hit by Michael Rupp.
17:22 of 1st period - Minor Penalty to Michael Rupp for Slashing.
17:23 of 1st period - Brian Boyle wins face-off versus Sean Bergenheim in Kings zone.
17:24 of 1st period - Shot by Chris Phillips.
17:24 of 1st period - Shot Misses the Net.
17:55 of 1st period - Jakub Voracek is hit by Vyacheslav Voynov.
17:57 of 1st period - Shot by Jan Hejda.
17:57 of 1st period - Shot Blocked by Sergei Gonchar.
18:45 of 1st period - Shot by Jonathon Blum.
18:45 of 1st period - Stopped by Kari Lehtonen without a rebound.
18:46 of 1st period - Matt Duchene wins face-off versus Derek Roy in Oilers zone.
19:25 of 1st period - Icing by Scott Hannan.
19:26 of 1st period - Antoine Vermette wins face-off versus Adam Burish in Oilers zone.
19:34 of 1st period - Icing by Jeff Schultz.
19:35 of 1st period - Adam Burish wins face-off versus Matt Duchene in Oilers zone.
19:51 of 1st period - Icing by Sergei Gonchar.
19:52 of 1st period - Jochen Hecht wins face-off versus Matt Duchene in Kings zone.

2nd period


0:01 of 2nd period - Derek Roy wins face-off versus Jarret Stoll in neutral zone.
0:42 of 2nd period - Shot by Chris Phillips.
0:42 of 2nd period - Stopped by Miikka Kiprusoff without a rebound.
0:43 of 2nd period - Jochen Hecht wins face-off versus Matt Duchene in Kings zone.
1:28 of 2nd period - Off-side.
1:29 of 2nd period - Derek Roy wins face-off versus Antoine Vermette in neutral zone.
1:41 of 2nd period - Icing by Matt Taormina.
1:42 of 2nd period - Brian Boyle wins face-off versus Antoine Vermette in Kings zone.
2:23 of 2nd period - Shot by Radek Dvorak.
2:23 of 2nd period - Stopped by Miikka Kiprusoff without a rebound.
2:24 of 2nd period - Jarret Stoll wins face-off versus Jason Pominville in Kings zone.
2:24 of 2nd period - Jarret Stoll is hit by Jason Pominville.
4:07 of 2nd period - Shot by Jochen Hecht.
4:07 of 2nd period - Stopped by Miikka Kiprusoff without a rebound.
4:08 of 2nd period - Brian Boyle wins face-off versus Michael Rupp in Kings zone.
4:22 of 2nd period - Icing by Matt Taormina.
4:23 of 2nd period - Adam Burish wins face-off versus Michael Frolik in Kings zone.
4:33 of 2nd period - Off-side.
4:34 of 2nd period - Matt Hendricks wins face-off versus Jochen Hecht in neutral zone.
4:49 of 2nd period - Shot by Jarret Stoll.
4:49 of 2nd period - Shot Misses the Net.
4:59 of 2nd period - Shot by Jarret Stoll.
4:59 of 2nd period - Shot Misses the Net.
6:21 of 2nd period - Icing by Tomas Holmstrom.
6:22 of 2nd period - Brian Boyle wins face-off versus Antoine Vermette in Oilers zone.
6:43 of 2nd period - Shot by Brian Boyle.
6:43 of 2nd period - Stopped by Miikka Kiprusoff without a rebound.
6:44 of 2nd period - Matt Duchene wins face-off versus Jochen Hecht in Kings zone.
6:44 of 2nd period - Matt Duchene is hit by Ruslan Fedotenko.
6:49 of 2nd period - Off-side.
6:50 of 2nd period - Jakub Voracek wins face-off versus Matt Duchene in neutral zone.
7:07 of 2nd period - Shot by Ruslan Fedotenko.
7:07 of 2nd period - Stopped by Miikka Kiprusoff without a rebound.
7:08 of 2nd period - Antoine Vermette wins face-off versus Derek Roy in Kings zone.
7:08 of 2nd period - Antoine Vermette is hit by Jason Pominville.
7:41 of 2nd period - Shot by Luke Adam.
7:41 of 2nd period - Shot Misses the Net.
7:43 of 2nd period - Shot by Antoine Vermette.
7:43 of 2nd period - Goal by Antoine Vermette - Kings : 1 - Oilers : 1.
7:44 of 2nd period - Matt Duchene wins face-off versus Brian Boyle in neutral zone.
7:53 of 2nd period - Shot by Vyacheslav Voynov.
7:53 of 2nd period - Stopped by Kari Lehtonen without a rebound.
7:54 of 2nd period - Jochen Hecht wins face-off versus Jarret Stoll in Oilers zone.
8:04 of 2nd period - Icing by Justin Faulk.
8:05 of 2nd period - Jarret Stoll wins face-off versus Derek Roy in Kings zone.
8:05 of 2nd period - Jarret Stoll is hit by Dany Heatley.
8:23 of 2nd period - Shot by Matt Hendricks.
8:23 of 2nd period - Shot Blocked by Chris Phillips.
8:31 of 2nd period - Shot by Matt Hendricks.
8:31 of 2nd period - Goal by Matt Hendricks - Kings : 2 - Oilers : 1.
8:32 of 2nd period - Brian Boyle wins face-off versus Matt Duchene in neutral zone.
9:21 of 2nd period - Minor Penalty to Matt Duchene for Tripping.
9:22 of 2nd period - Jarret Stoll wins face-off versus Jason Pominville in Kings zone.
9:49 of 2nd period - Shot by Jason Pominville.
9:49 of 2nd period - Shot Misses the Net.
9:51 of 2nd period - Shot by Jan Hejda.
9:51 of 2nd period - Shot Misses the Net.
10:38 of 2nd period - Shot by Brian Boyle.
10:38 of 2nd period - Deflect By Jakub Voracek.
10:38 of 2nd period - Stopped by Miikka Kiprusoff without a rebound.
10:39 of 2nd period - Jarret Stoll wins face-off versus Derek Roy in Kings zone.
10:55 of 2nd period - Icing by Jan Hejda.
10:56 of 2nd period - Sean Bergenheim wins face-off versus Derek Roy in Oilers zone.
11:29 of 2nd period - Icing by Devante Smith-Pelly.
11:30 of 2nd period - Antoine Vermette wins face-off versus Jochen Hecht in Kings zone.
12:20 of 2nd period - Jakub Voracek is hit by Jarret Stoll and loses puck.
12:26 of 2nd period - Minor Penalty to Matt Hendricks for Hooking.
12:27 of 2nd period - Derek Roy wins face-off versus Jarret Stoll in Kings zone.
12:32 of 2nd period - Shot by Dany Heatley.
12:32 of 2nd period - Shot Blocked by Jarret Stoll.
12:32 of 2nd period - Jarret Stoll from Kings is injured at 12:32 of 2nd period (Left Hip).
12:33 of 2nd period - Derek Roy wins face-off versus Ryan Johansen in Kings zone.
14:16 of 2nd period - Icing by Jan Hejda.
14:17 of 2nd period - Antoine Vermette wins face-off versus Derek Roy in Oilers zone.
14:39 of 2nd period - Shot by Michael Rupp.
14:39 of 2nd period - Shot Misses the Net.
14:49 of 2nd period - Shot by Wojtek Wolski.
14:49 of 2nd period - Stopped by Kari Lehtonen with a rebound.
14:51 of 2nd period - Shot by Michael Frolik.
14:51 of 2nd period - Shot Misses the Net.
15:40 of 2nd period - Icing by Sean ODonnell.
15:41 of 2nd period - Matt Duchene wins face-off versus Adam Burish in Oilers zone.
16:06 of 2nd period - Shot by Matt Duchene.
16:06 of 2nd period - Stopped by Kari Lehtonen without a rebound.
16:07 of 2nd period - Derek Roy wins face-off versus Michael Frolik in Oilers zone.
16:07 of 2nd period - Derek Roy is hit by Matt Hendricks.
17:02 of 2nd period - Matt Taormina is hit by Chris Phillips and loses puck.
17:25 of 2nd period - Shot by Ruslan Fedotenko.
17:25 of 2nd period - Stopped by Miikka Kiprusoff without a rebound.
17:26 of 2nd period - Brian Boyle wins face-off versus Matt Duchene in Kings zone.
17:50 of 2nd period - Icing by Jeff Schultz.
17:51 of 2nd period - Antoine Vermette wins face-off versus Brian Boyle in Oilers zone.
17:51 of 2nd period - Justin Faulk is hit by Jeff Schultz and loses puck.
18:28 of 2nd period - Justin Faulk is hit by Ruslan Fedotenko and loses puck.
18:43 of 2nd period - Shot by Jochen Hecht.
18:43 of 2nd period - Shot Misses the Net.
18:50 of 2nd period - Jakub Voracek is hit by Justin Faulk and loses puck.
18:58 of 2nd period - Jakub Voracek is hit by Justin Faulk and loses puck.
19:30 of 2nd period - Shot by Dany Heatley.
19:30 of 2nd period - Shot Blocked by Vyacheslav Voynov.

3rd period


0:01 of 3rd period - Derek Roy wins face-off versus Ryan Johansen in neutral zone.
0:20 of 3rd period - Shot by Dany Heatley.
0:20 of 3rd period - Shot Misses the Net.
0:26 of 3rd period - Jan Hejda is hit by Ryan Johansen.
1:00 of 3rd period - Dany Heatley is hit by Jamie McBain and loses puck.
1:15 of 3rd period - Shot by Michael Frolik.
1:15 of 3rd period - Stopped by Kari Lehtonen without a rebound.
1:16 of 3rd period - Antoine Vermette wins face-off versus Brian Boyle in Oilers zone.
1:34 of 3rd period - Minor Penalty to Erik Gustafsson for Roughing.
1:35 of 3rd period - Adam Burish wins face-off versus Michael Frolik in Oilers zone.
2:20 of 3rd period - Sergei Gonchar is hit by Ruslan Fedotenko and loses puck.
3:12 of 3rd period - Shot by Matt Taormina.
3:12 of 3rd period - Stopped by Kari Lehtonen without a rebound.
3:13 of 3rd period - Derek Roy wins face-off versus Michael Frolik in Oilers zone.
3:21 of 3rd period - Off-side.
3:22 of 3rd period - Michael Frolik wins face-off versus Derek Roy in neutral zone.
3:37 of 3rd period - Shot by Jakub Voracek.
3:37 of 3rd period - Stopped by Miikka Kiprusoff without a rebound.
3:38 of 3rd period - Antoine Vermette wins face-off versus Jochen Hecht in Kings zone.
3:48 of 3rd period - Erik Gustafsson is hit by Justin Faulk and loses puck.
3:56 of 3rd period - Jakub Voracek is hit by Justin Faulk and loses puck.
4:53 of 3rd period - Shot by Michael Frolik.
4:53 of 3rd period - Stopped by Kari Lehtonen without a rebound.
4:53 of 3rd period - Minor Penalty to Sean ODonnell for Roughing.
4:54 of 3rd period - Michael Frolik wins face-off versus Adam Burish in Oilers zone.
4:58 of 3rd period - Erik Condra is hit by Jan Hejda and loses puck.
5:34 of 3rd period - Shot by Matt Taormina.
5:34 of 3rd period - Stopped by Kari Lehtonen with a rebound.
5:36 of 3rd period - Shot by Matt Taormina.
5:36 of 3rd period - Stopped by Kari Lehtonen with a rebound.
5:38 of 3rd period - Shot by Matt Taormina.
5:38 of 3rd period - Stopped by Kari Lehtonen without a rebound.
5:39 of 3rd period - Derek Roy wins face-off versus Matt Duchene in Oilers zone.
5:58 of 3rd period - Minor Penalty to Chris Phillips for Goalie Interference.
5:59 of 3rd period - Derek Roy wins face-off versus Matt Hendricks in Oilers zone.
6:19 of 3rd period - Off-side.
6:20 of 3rd period - Matt Duchene wins face-off versus Jochen Hecht in neutral zone.
6:32 of 3rd period - Icing by Luke Adam.
6:33 of 3rd period - Matt Duchene wins face-off versus Derek Roy in Kings zone.
6:42 of 3rd period - Shot by Justin Faulk.
6:42 of 3rd period - Shot Blocked by Jan Hejda.
6:46 of 3rd period - Shot by Matt Taormina.
6:46 of 3rd period - Stopped by Kari Lehtonen without a rebound.
6:47 of 3rd period - Jochen Hecht wins face-off versus Michael Frolik in Oilers zone.
6:47 of 3rd period - Jochen Hecht is hit by Sean Bergenheim.
8:09 of 3rd period - Shot by Antoine Vermette.
8:09 of 3rd period - Shot Misses the Net.
8:11 of 3rd period - Shot by Jamie McBain.
8:11 of 3rd period - Shot Misses the Net.
8:13 of 3rd period - Shot by Antoine Vermette.
8:13 of 3rd period - Stopped by Kari Lehtonen with a rebound.
8:15 of 3rd period - Shot by Devante Smith-Pelly.
8:15 of 3rd period - Goal by Devante Smith-Pelly - Kings : 3 - Oilers : 1.
8:16 of 3rd period - Ryan Johansen wins face-off versus Adam Burish in neutral zone.
9:29 of 3rd period - Shot by Dany Heatley.
9:29 of 3rd period - Deflect By Derek Roy.
9:29 of 3rd period - Stopped by Miikka Kiprusoff without a rebound.
9:30 of 3rd period - Brian Boyle wins face-off versus Michael Rupp in Kings zone.
9:30 of 3rd period - Chris Phillips is hit by Vyacheslav Voynov and loses puck.
11:21 of 3rd period - Icing by Sergei Gonchar.
11:22 of 3rd period - Matt Duchene wins face-off versus Derek Roy in Kings zone.
12:02 of 3rd period - Icing by Derek Roy.
12:03 of 3rd period - Derek Roy wins face-off versus Michael Frolik in Oilers zone.
12:03 of 3rd period - Derek Roy is hit by Matt Hendricks.
12:24 of 3rd period - Minor Penalty to Erik Gustafsson for Hooking.
12:25 of 3rd period - Derek Roy wins face-off versus Matt Duchene in Oilers zone.
12:25 of 3rd period - Ruslan Fedotenko is hit by Matt Duchene and loses puck.
12:40 of 3rd period - Shot by Matt Duchene.
12:40 of 3rd period - Stopped by Kari Lehtonen without a rebound.
12:41 of 3rd period - Adam Burish wins face-off versus Michael Frolik in Oilers zone.
12:41 of 3rd period - Adam Burish is hit by Sean Bergenheim.
12:50 of 3rd period - Minor Penalty to Adam Burish for Interference.
12:50 of 3rd period - Minor Penalty to Sean Bergenheim for Interference.
12:51 of 3rd period - Jochen Hecht wins face-off versus Michael Frolik in neutral zone.
13:16 of 3rd period - Shot by Vyacheslav Voynov.
13:16 of 3rd period - Stopped by Kari Lehtonen without a rebound.
13:17 of 3rd period - Derek Roy wins face-off versus Michael Frolik in Oilers zone.
13:22 of 3rd period - Matt Hendricks is hit by Jeff Schultz and loses puck.
13:32 of 3rd period - Icing by Matt Hendricks.
13:33 of 3rd period - Derek Roy wins face-off versus Michael Frolik in Kings zone.
14:51 of 3rd period - Shot by Devante Smith-Pelly.
14:51 of 3rd period - Stopped by Kari Lehtonen without a rebound.
14:52 of 3rd period - Antoine Vermette wins face-off versus Jochen Hecht in Oilers zone.
15:01 of 3rd period - Matt Taormina is hit by Ruslan Fedotenko.
15:08 of 3rd period - Icing by Matt Taormina.
15:09 of 3rd period - Derek Roy wins face-off versus Antoine Vermette in Kings zone.
15:43 of 3rd period - Shot by Derek Roy.
15:43 of 3rd period - Shot Misses the Net.
16:00 of 3rd period - Icing by Jonathon Blum.
16:01 of 3rd period - Antoine Vermette wins face-off versus Jochen Hecht in Kings zone.
16:01 of 3rd period - Matt Taormina is hit by Jakub Voracek and loses puck.
16:49 of 3rd period - Minor Penalty to Brian Boyle for Holding.
16:50 of 3rd period - Adam Burish wins face-off versus Sean Bergenheim in Oilers zone.
16:50 of 3rd period - Adam Burish is hit by Sean Bergenheim.
17:06 of 3rd period - Shot by Vyacheslav Voynov.
17:06 of 3rd period - Stopped by Kari Lehtonen without a rebound.
17:07 of 3rd period - Derek Roy wins face-off versus Michael Frolik in Oilers zone.
17:18 of 3rd period - Scott Hannan is hit by Sean Bergenheim.
17:40 of 3rd period - Shot by Erik Condra.
17:40 of 3rd period - Stopped by Kari Lehtonen with a rebound.
18:22 of 3rd period - Shot by Wojtek Wolski.
18:22 of 3rd period - Stopped by Kari Lehtonen without a rebound.
18:23 of 3rd period - Adam Burish wins face-off versus Antoine Vermette in Oilers zone.
18:23 of 3rd period - Adam Burish is hit by Sean Bergenheim.
18:29 of 3rd period - Vyacheslav Voynov is hit by Adam Burish and loses puck.
18:42 of 3rd period - Chris Phillips is hit by Sean Bergenheim.
18:54 of 3rd period - Shot by Jason Pominville.
18:54 of 3rd period - Shot Misses the Net.
19:00 of 3rd period - Shot by Michael Frolik.
19:00 of 3rd period - Stopped by Kari Lehtonen without a rebound.
19:01 of 3rd period - Brian Boyle wins face-off versus Matt Duchene in Oilers zone.
19:14 of 3rd period - Shot by Brian Boyle.
19:14 of 3rd period - Stopped by Miikka Kiprusoff without a rebound.
19:15 of 3rd period - Michael Rupp wins face-off versus Adam Burish in Kings zone.
19:15 of 3rd period - Michael Rupp is hit by Jed Ortmeyer.
19:48 of 3rd period - Minor Penalty to Justin Faulk for Roughing.
19:49 of 3rd period - Ryan Johansen wins face-off versus Derek Roy in Kings zone.


Output by the SimonT Hockey Simulator (STHS) for Stephane Roy -- Original Page W3C XHTML 1.0 Valid
Hockey Simulator - Hockey Simulation - Hockey Manager